Workbook
Name Betrag_der_in_der_vorliegenden_Abrechnung_abzurechnenden_Kosten: 'Quadro riassuntivo'!$D$5
Name Tabelle1: 'Quadro riassuntivo'!$D$5

Sheet Spese assegnate a tipi di spesa
A1: ELENCO DELLE SPESE PER LA REALIZZAZIONE DEL PROGETTO DI RICERCA Vi preghiamo di elencare tutte le spese che ricandono nell'attuale rendicontazione e di assegnare le spese ai relativi tipi di spesa.
B2: Titolo del progetto:
B3: Ente:
B5: 1. SPESE DI PERSONALE
B6: documento di spesa | E6: emesso da | F6: descrizione (e nome del collaboratore/della collaboratrice) | G6: importo (in euro) | H6: importo da rendicontare
A7: n° | B7: natura documento | C7: numero | D7: data | H7: a carico dei mezzi finanziari messi a disposizione per il progetto | I7: a carico del beneficario (mezzi propri) o di altre agevolazioni
A8: 1
A9: 2
A10: 3
A11: 4
A12: 5
A13: 6
A14: 7
A15: 8
A16: 9
A17: 10
A18: 11
A19: 12
... A21: 14
B24: Subtotale costi di personale | G24: =SUM(G8:G23) -> 0 | H24: =SUM(H8:H23) -> 0 | I24: =SUM(I8:I23) -> 0
B25: 2. SPESE DI VIAGGIO, DI VITTO E ALLOGGIO
B26: documento di spesa | E26: emesso da | F26: descrizione | G26: importo (in euro) | H26: importo da rendicontare
A27: n° | B27: natura documento | C27: numero | D27: data | H27: a carico dei mezzi finanziari messi a disposizione per il progetto | I27: a carico del beneficario (mezzi propri) o di altre agevolazioni
A28: 1
A29: 2
A30: 3
A31: 4
A32: 5
A33: 6
A34: 7
A35: 8
A36: 9
A37: 10
A38: 11
A39: 12
... A42: 15
A43: …
B44: Subtotale Spese di viaggio, di vitto e alloggio | G44: =SUM(G28:G43) -> 0 | H44: =SUM(H28:H43) -> 0 | I44: =SUM(I28:I43) -> 0
B45: 3. SPESE GENERALI (mass. 10% del totale dei costi ammissibili del progetto)
B46: documento di spesa | E46: emesso da | F46: descrizione | G46: importo (in euro) | H46: importo da rendicontare
A47: n° | B47: natura documento | C47: numero | D47: data | H47: a carico dei mezzi finanziari messi a disposizione per il progetto | I47: a carico del beneficario (mezzi propri) o di altre agevolazioni
A48: 1
A49: 2
A50: 3
A51: 4
A52: 5
A53: 6
A54: 7
A55: 8
A56: 9
A57: 10
A58: 11
A59: 12
... A62: 15
A63: …
B64: Subtotale Spese generali | G64: =SUM(G48:G63) -> 0 | H64: =SUM(H48:H63) -> 0 | I64: =SUM(I48:I63) -> 0
B65: 4. SPESE PER STRUMENTI E ATTREZZATURE E SPESE MATERIALI
B66: 4.1 SPESE PER STRUMENTI E ATTREZZATURE SUPERIORI A EURO 1.500,00 (IVA esclusa)
B67: documento di spesa | E67: fornitore/soggetto emmettente | F67: descrizione | G67: valore d'acquisto IVA esclusa (in euro) | H67: importo da rendicontare
A68: n° | B68: natura documento | C68: numero | D68: data | H68: a carico dei mezzi finanziari messi a disposizione per il progetto | I68: a carico del beneficario (mezzi propri) o di altre agevolazioni
A69: 1
A70: 2
A71: 3
A72: 4
A73: 5
A74: 6
A75: 7
A76: 8
A77: 9
A78: 10
A79: 11
A80: 12
... A84: 16
B85: Subtotale spese per strumenti e attrezzature e spese materiali superiori a euro 1.500,00 (IVA esclusa) | G85: =SUM(G69:G84) -> 0 | H85: =SUM(H69:H84) -> 0 | I85: =SUM(I69:I84) -> 0
B86: 4.2 SPESE PER STRUMENTI E ATTREZZATURE INFERIORI A EURO 1.500,00 (IVA esclusa) E SPESE MATERIALI
B87: documento di spesa | E87: fornitore/soggetto emmettente | F87: descrizione | G87: importo (in euro) | H87: importo da rendicontare
A88: n° | B88: natura documento | C88: numero | D88: data | H88: a carico dei mezzi finanziari messi a disposizione per il progetto | I88: a carico del beneficario (mezzi propri) o di altre agevolazioni
A89: 1
A90: 2
A91: 3
A92: 4
A93: 5
A94: 6
A95: 7
A96: 8
A97: 9
A98: 10
A99: 11
A100: 12
... A103: 15
A104: …
B105: Subtotale spese per strumenti e attrezzature e spese materiali inferiori a euro 1.500,00 (IVA esclusa) e spese materiali | G105: =SUM(G89:G104) -> 0 | H105: =SUM(H89:H104) -> 0 | I105: =SUM(I89:I104) -> 0
B106: Subtotale spese per strumenti e attrezzature e spese materiali | G106: =SUM(G85,G105) -> 0 | H106: =SUM(H85,H105) -> 0 | I106: =SUM(I85,I105) -> 0
B107: 5. SPESE PER COLLABORAZIONI E SERVIZI ESTERNI
B108: documento di spesa | E108: emesso da | F108: descrizione | G108: importo (in euro) | H108: importo da rendicontare
A109: n° | B109: natura documento | C109: numero | D109: data | H109: a carico dei mezzi finanziari messi a disposizione per il progetto | I109: a carico del beneficario (mezzi propri) o di altre agevolazioni
A110: 1
A111: 2
A112: 3
A113: 4
...

Sheet Spese di personale - dettagli
A1: AD 1. MAGGIORI INFORMAZIONI IN MERITO ALLE SPESE DI PERSONALE La preghiamo di indicare tutti i membri del team di progetto, per i quali vengono rendicontate le spese di personale:
A3: n° | B3: cognome | C3: nome | D3: qualifica e inquadramento professionale | E3: ente/università | F3: facoltà/istituto | G3: Tempo dedicato al progetto (totale, in ore di lavoro) | H3: Periodo, nel quale é stato lavorato per il progetto (mm/aaaa-mm/aaaa)
A5: 1
A6: 2
A7: 3
A8: 4
A9: 5
A10: 6
A11: 7
A12: 8
A13: 9
A14: 10
A15: 11
A16: 12
... A19: 15
A20: …

Sheet Costi degli strumenti - dettagl
A1: AD 2.1 MAGGIORI INFORMAZIONI IN MERITO ALLE SPESE PER STRUMENTI E ATTREZZATURE E SPESE MATERIALI SUPERIORI A EURO 1.500,00 (IVA ESCLUSA)
B3: documento di spesa | E3: fornitore/soggetto emmettente | F3: descrizione | G3: valore d'acquisto IVA esclusa (in euro) | H3: Durata (ciclo di vita) dello strumento o dell'attrezzatura in mesi | I3: Mesi di utilizzo per il progetto
A4: n° | B4: natura documento | C4: numero | D4: data
A5: 1 | B5: ='Spese assegnate a tipi di spesa'!B69 -> 0 | C5: ='Spese assegnate a tipi di spesa'!C69 -> 0 | D5: ='Spese assegnate a tipi di spesa'!D69 -> 0 | E5: ='Spese assegnate a tipi di spesa'!E69 -> 0 | F5: ='Spese assegnate a tipi di spesa'!F69 -> 0 | G5: ='Spese assegnate a tipi di spesa'!G69 -> 0
A6: 2 | B6: ='Spese assegnate a tipi di spesa'!B70 -> 0 | C6: ='Spese assegnate a tipi di spesa'!C70 -> 0 | D6: ='Spese assegnate a tipi di spesa'!D70 -> 0 | E6: ='Spese assegnate a tipi di spesa'!E70 -> 0 | F6: ='Spese assegnate a tipi di spesa'!F70 -> 0 | G6: ='Spese assegnate a tipi di spesa'!G70 -> 0
A7: 3 | B7: ='Spese assegnate a tipi di spesa'!B71 -> 0 | C7: ='Spese assegnate a tipi di spesa'!C71 -> 0 | D7: ='Spese assegnate a tipi di spesa'!D71 -> 0 | E7: ='Spese assegnate a tipi di spesa'!E71 -> 0 | F7: ='Spese assegnate a tipi di spesa'!F71 -> 0 | G7: ='Spese assegnate a tipi di spesa'!G71 -> 0
A8: 4 | B8: ='Spese assegnate a tipi di spesa'!B72 -> 0 | C8: ='Spese assegnate a tipi di spesa'!C72 -> 0 | D8: ='Spese assegnate a tipi di spesa'!D72 -> 0 | E8: ='Spese assegnate a tipi di spesa'!E72 -> 0 | F8: ='Spese assegnate a tipi di spesa'!F72 -> 0 | G8: ='Spese assegnate a tipi di spesa'!G72 -> 0
A9: 5 | B9: ='Spese assegnate a tipi di spesa'!B73 -> 0 | C9: ='Spese assegnate a tipi di spesa'!C73 -> 0 | D9: ='Spese assegnate a tipi di spesa'!D73 -> 0 | E9: ='Spese assegnate a tipi di spesa'!E73 -> 0 | F9: ='Spese assegnate a tipi di spesa'!F73 -> 0 | G9: ='Spese assegnate a tipi di spesa'!G73 -> 0
A10: 6 | B10: ='Spese assegnate a tipi di spesa'!B74 -> 0 | C10: ='Spese assegnate a tipi di spesa'!C74 -> 0 | D10: ='Spese assegnate a tipi di spesa'!D74 -> 0 | E10: ='Spese assegnate a tipi di spesa'!E74 -> 0 | F10: ='Spese assegnate a tipi di spesa'!F74 -> 0 | G10: ='Spese assegnate a tipi di spesa'!G74 -> 0
A11: 7 | B11: ='Spese assegnate a tipi di spesa'!B75 -> 0 | C11: ='Spese assegnate a tipi di spesa'!C75 -> 0 | D11: ='Spese assegnate a tipi di spesa'!D75 -> 0 | E11: ='Spese assegnate a tipi di spesa'!E75 -> 0 | F11: ='Spese assegnate a tipi di spesa'!F75 -> 0 | G11: ='Spese assegnate a tipi di spesa'!G75 -> 0
A12: 8 | B12: ='Spese assegnate a tipi di spesa'!B76 -> 0 | C12: ='Spese assegnate a tipi di spesa'!C76 -> 0 | D12: ='Spese assegnate a tipi di spesa'!D76 -> 0 | E12: ='Spese assegnate a tipi di spesa'!E76 -> 0 | F12: ='Spese assegnate a tipi di spesa'!F76 -> 0 | G12: ='Spese assegnate a tipi di spesa'!G76 -> 0
A13: 9 | B13: ='Spese assegnate a tipi di spesa'!B77 -> 0 | C13: ='Spese assegnate a tipi di spesa'!C77 -> 0 | D13: ='Spese assegnate a tipi di spesa'!D77 -> 0 | E13: ='Spese assegnate a tipi di spesa'!E77 -> 0 | F13: ='Spese assegnate a tipi di spesa'!F77 -> 0 | G13: ='Spese assegnate a tipi di spesa'!G77 -> 0
A14: 10 | B14: ='Spese assegnate a tipi di spesa'!B78 -> 0 | C14: ='Spese assegnate a tipi di spesa'!C78 -> 0 | D14: ='Spese assegnate a tipi di spesa'!D78 -> 0 | E14: ='Spese assegnate a tipi di spesa'!E78 -> 0 | F14: ='Spese assegnate a tipi di spesa'!F78 -> 0 | G14: ='Spese assegnate a tipi di spesa'!G78 -> 0
A15: 11 | B15: ='Spese assegnate a tipi di spesa'!B79 -> 0 | C15: ='Spese assegnate a tipi di spesa'!C79 -> 0 | D15: ='Spese assegnate a tipi di spesa'!D79 -> 0 | E15: ='Spese assegnate a tipi di spesa'!E79 -> 0 | F15: ='Spese assegnate a tipi di spesa'!F79 -> 0 | G15: ='Spese assegnate a tipi di spesa'!G79 -> 0
A16: 12 | B16: ='Spese assegnate a tipi di spesa'!B80 -> 0 | C16: ='Spese assegnate a tipi di spesa'!C80 -> 0 | D16: ='Spese assegnate a tipi di spesa'!D80 -> 0 | E16: ='Spese assegnate a tipi di spesa'!E80 -> 0 | F16: ='Spese assegnate a tipi di spesa'!F80 -> 0 | G16: ='Spese assegnate a tipi di spesa'!G80 -> 0
... A19: 15 | B19: ='Spese assegnate a tipi di spesa'!B83 -> 0 | C19: ='Spese assegnate a tipi di spesa'!C83 -> 0 | D19: ='Spese assegnate a tipi di spesa'!D83 -> 0 | E19: ='Spese assegnate a tipi di spesa'!E83 -> 0 | F19: ='Spese assegnate a tipi di spesa'!F83 -> 0 | G19: ='Spese assegnate a tipi di spesa'!G83 -> 0
A20: …

Sheet Quadro riassuntivo
A1: QUADRO RIASSUNTIVO
B3: A | C3: B | D3: C | E3: D=B+C | F3: E=A-D
A4: Tipo di spesa | B4: Spese ammesse (vefi contratto di finanziamento ed eventuali spostamenti aurorizzati dall'ufficio) | C4: Importo dei costi rendicontati con precedenti rendicontazioni | D4: Importo dei costi da rendicontare con l'attuale rendicontazione | E4: Totale finora rendicontato | F4: Importo ancora da rendicontare
A5: 1. SPESE DI PERSONALE | D5: ='Spese assegnate a tipi di spesa'!H24 -> 0 | E5: =C5+D5 -> 0 | F5: =B5-E5 -> 0
A6: 2. SPESE DI VIAGGIO, DI VITTO E ALLOGGIO | D6: ='Spese assegnate a tipi di spesa'!H44 -> 0 | E6: =C6+D6 -> 0 | F6: =B6-E6 -> 0
A7: 3. SPESE GENERALI | D7: ='Spese assegnate a tipi di spesa'!H64 -> 0 | E7: =C7+D7 -> 0 | F7: =B7-E7 -> 0
A8: 4. SPESE PER STRUMENTI E ATTREZZATURE E SPESE MATERIALI | D8: ='Spese assegnate a tipi di spesa'!H106 -> 0 | E8: =C8+D8 -> 0 | F8: =B8-E8 -> 0
A9: 5. SPESE PER COLLABORAZIONI E SERVIZI ESTERNI | D9: ='Spese assegnate a tipi di spesa'!H126 -> 0 | E9: =C9+D9 -> 0 | F9: =B9-E9 -> 0
A10: TOTALE | B10: =SUM(B5:B9) -> 0 | C10: =SUM(C5:C9) -> 0 | D10: =SUM(D5:D9) -> 0 | E10: =SUM(E5:E9) -> 0 | F10: =SUM(F5:F9) -> 0
A12: Avviso: Ai sensi del contratto di finanziamento può essere effettuato uno spostamento dei mezzi finanziari tra i singoli tipi di spesa per un ammontare massimo del 20%. Il beneficiario è tenuto ad annotare chiaramente tale spostamento al momento della rendicontazione nei documenti contabili. In caso di spostamenti di somme maggiori é necessaria un'autorizzazione da parte dell'Ufficio ricerca scientifica.
A14: Eventuali annotazioni (ad es. variazioni di budget):
